 Dungeon Crawl Stone Soup version 0.16.1-4-g8e1b745 (console) character file.

20 gw the Charlatan (level 2, -7/14 HPs)
             Began as a Spriggan Artificer on Mar 26, 2015.
             Was an Initiate of Ru.
             Mangled by Sigmund
             ... wielding a +0 scythe
              (10 damage)
             ... on level 2 of the Dungeon.
             The game lasted 00:01:30 (1220 turns).

gw the Charlatan (Spriggan Artificer)               Turns: 1220, Time: 00:01:30

Health: -7/14      AC:  2    Str:  7    XL:     2   Next: 58%
Magic:  5/5        EV: 18    Int: 13    God:    Ru [......]
Gold:   38         SH:  0    Dex: 16    Spells: 0 memorised, 1 level left

rFire  . . .     SeeInvis +     a - +0 short sword
rCold  . . .     Clarity  .     e - +0 robe
rNeg   . . .     SustAb   .     (shield restricted)
rPois  .         Gourm    .     (helmet restricted)
rElec  .         Spirit   .     (no cloak)
rCorr  .         Warding  .     (gloves unavailable)
rMut   .         Stasis   .     (boots unavailable)
MR     .....                    (no amulet)
Stlth  ++........               (no ring)
                                (no ring)

@: very quick, not resistant to hostile enchantments, unstealthy
A: unfitting armour, see invisible, herbivore 3, speed 3, slow metabolism 2
a: Renounce Religion


You were on level 2 of the Dungeon.
You worshipped Ru.
Ru was noncommittal.
You were not hungry.

You visited 1 branch of the dungeon, and saw 2 of its levels.

You collected 38 gold pieces.

Inventory:

Hand weapons
 a - a +0 short sword (weapon)
Missiles
 i - 35 stones (quivered)
 l - 41 sling bullets
Armour
 e - a +0 robe (worn)
Magical devices
 b - a wand of flame (15)
 c - a wand of enslavement (15)
 d - a wand of random effects (15)
Scrolls
 g - a scroll of recharging {unknown}
 m - a scroll of identify
Comestibles
 f - a bread ration
 h - a slice of pizza


   Skills:
 + Level 0.8 Fighting
 * Level 2.5 Short Blades
 + Level 3.5 Dodging
 - Level 1.5 Stealth
 - Level 4.0 Evocations


You had one spell level left.
You didn't know any spells.

Dungeon Overview and Level Annotations

Branches:
Dungeon (2/15)

Altars:
Elyvilon
Ru
Yredelemnul

Annotations:
D:2 Sigmund


Innate Abilities, Weirdness & Mutations

You are tiny and cannot use many weapons and most armour.
You have supernaturally acute eyesight.
You are a herbivore.
You cover ground extremely quickly.
You need consume almost no food.


Message History

Unknown command.
ATTACK MOVE TO (0,1)
A worm comes into view.
Sigmund flickers, as though insubstantial.
Sigmund barely misses you.
You see here a club.
Unknown command.
Unknown command.
Unknown command.
Unknown command.
ATTACK MOVE TO (0,1)
You barely miss Sigmund.
Unknown command.
Unknown command.
Unknown command.
Unknown command.
ATTACK MOVE TO (0,1)
You closely miss Sigmund. Sigmund hits you with a scythe!
Ouch! That really hurt!
You die...

#.# #.# #.# #.#
#!# #.#
###.########.
#.........>...
####.###i######.
#########....#
#@...w....
..........##.#
#.#######
############.....#
###.... .### .# #.


You could see Sigmund (invisible) and a worm.

Table legend:
 A = Turns spent in this place as a percentage of turns spent in the entire game.
 B = Non-inter-level travel turns spent in this place as a percentage of non-inter-level travel turns spent in the entire game.
 C = Inter-level travel turns spent in this place as a percentage of turns spent in this place.
 D = Turns resting spent in this place as a percentage of non-inter-level travel turns spent in this place.
 E = Turns spent auto-exploring this place as a percentage of non-inter-level travel turns spent in this place.
 F = Non-inter-level travel turns spent in this place divided by the number of levels of this place that you've seen.
                   A       B       C       D       E      F
               +-------+-------+-------+-------+-------+----------------------
         Total | 100.0 | 100.0 |   0.2 |   1.0 |   2.5 | 969.5
       Dungeon | 100.0 | 100.0 |   0.2 |   1.0 |   2.5 | 969.5
               +-------+-------+-------+-------+-------+----------------------

Table legend:
 A = Kills in this place as a percentage of kills in entire the game.
 B = Kills by you in this place as a percentage of kills by you in the entire game.
 C = Kills by friends in this place as a percentage of kills by friends in the entire game.
 D = Other kills in this place as a percentage of other kills in the entire game.
 E = Experience gained in this place as a percentage of experience gained in the entire game.
 F = Experience gained in this place divided by the number of levels of this place that you have seen.
                   A       B       C       D       E      F
               +-------+-------+-------+-------+-------+----------------------
         Total | 100.0 | 100.0 |  -nan |  -nan | 100.0 |  14.5
       Dungeon | 100.0 | 100.0 |  -nan |  -nan | 100.0 |  14.5
               +-------+-------+-------+-------+-------+----------------------

Vanquished Creatures
  4 hobgoblins
  3 bats
  2 giant newts (D:1)
  4 goblins (D:1)
  6 kobolds (D:1)
  3 rats
22 creatures vanquished.

Notes
Turn   | Place    | Note
--------------------------------------------------------------
     0 | D:1      | gw, the Spriggan Artificer, began the quest for the Orb.
     0 | D:1      | Reached XP level 1. HP: 9/9 MP: 2/2
   494 | D:1      | Reached XP level 2. HP: 9/14 MP: 5/5
  1141 | D:2      | Found a white marble altar of Elyvilon.
  1142 | D:2      | Found a sacrificial altar of Ru.
  1146 | D:2      | Found a basalt altar of Yredelemnul.
  1150 | D:2      | Became a worshipper of Ru the Awakened
  1212 | D:2      | Noticed Sigmund
  1220 | D:2      | Mangled by Sigmund

Action                   || total
-------------------------++-------
Melee: Short sword       ||    67
  Use: Scroll            ||     3
       Potion            ||     3
 Stab: Sleeping          ||     2

Vault maps used:
D:1:      eino_arrival_cavern_d, kennysheep_doodads
D:2:      minitemple, lemuel_blue_sif_altar, first_bread, uniq_sigmund,
          uniq_jessica
